 Dungeon Crawl Stone Soup version 0.27.1-33-g824d729ab1 (webtiles) character file.

Game seed: 17951398393708859564

3188 H0rd4k the Cutter (level 10, -9/74 HPs)
             Began as a Human Artificer on Dec 21, 2021.
             Was an Initiate of Gozag.
             Shot with an arrow by a centaur warrior (22 damage)
             ... on level 9 of the Dungeon.
             The game lasted 00:22:20 (13149 turns).

H0rd4k the Cutter (Human Artificer)                Turns: 13149, Time: 00:22:21

Health: -9/74      AC:  4    Str: 17    XL:     10   Next: 16%
Magic:  17/17      EV: 13    Int: 26    God:    Gozag
Gold:   115        SH:  0    Dex: 15    Spells: 16/18 levels left

rFire    . . .     SeeInvis +   E - +8 glaive of Qiedeaxt {freeze, Will++ Str+4 Int+4}
rCold    . . .     Faith    .   (shield currently unavailable)
rNeg     + . .     Spirit   .   b - +0 leather armour
rPois    .         Reflect  .   p - +0 helmet
rElec    .         Harm     .   (no cloak)
rCorr    .         Rampage  .   (no gloves)
Will     ++...                  (no boots)
Stlth    +.........             H - amulet "Emui" {RegenMP Int+9}
HPRegen  0.22/turn              z - ring of see invisible
MPRegen  0.40/turn              G - ring of positive energy

@: no status effects
A: no striking features
a: Renounce Religion, Potion Petition, Call Merchant, Bribe Branch


You were on level 9 of the Dungeon.
You worshipped Gozag.
Gozag was aware of your devotion.
You visited 2 branches of the dungeon, and saw 10 of its levels.

You collected 808 gold pieces.
You spent 559 gold pieces at shops.
You paid 134 gold pieces to Gozag.

Inventory:

Hand Weapons
 r - a +2 dagger of electrocution
 w - a +1 dagger of venom
 A - the +4 trident "Noesewk" {drain, Str+6 Dex+3}
   (You found it on level 7 of the Dungeon)

   A truly terrible weapon, it drains the life of any living foe it strikes.
   Str:       It affects your strength (+6).
   Dex:       It affects your dexterity (+3).
 B - a +2 dagger of draining
 E - the +8 glaive of Qiedeaxt (weapon) {freeze, Will++ Str+4 Int+4}
   (You found it on level 8 of the Dungeon)

   It freezes those it strikes, dealing additional cold damage.
   It can also slow down cold-blooded creatures.
   Str:       It affects your strength (+4).
   Int:       It affects your intelligence (+4).
   Will:      It greatly increases your willpower.
Missiles
 h - 75 poisoned darts (quivered)
Armour
 b - a +0 leather armour (worn)
 p - a +0 helmet (worn)
Jewellery
 z - a ring of see invisible (left hand)
 F - an amulet of guardian spirit
 G - a ring of positive energy (right hand)
 H - the amulet "Emui" (around neck) {RegenMP Int+9}
   (You bought it in a shop on level 2 of the Dungeon)

   [amulet of magic regeneration]

   It increases your rate of magic regeneration.
   Int:       It affects your intelligence (+9).
Wands
 c - a wand of flame (9)
 n - a wand of paralysis (6)
 y - a wand of mindburst (6)
Scrolls
 a - a scroll of magic mapping {unknown}
 k - a scroll of enchant armour {unknown}
 l - 5 scrolls of teleportation {unknown}
 m - 2 scrolls of brand weapon {unknown}
 q - a scroll of acquirement {unknown}
 u - a scroll of blinking {unknown}
 v - 2 scrolls of summoning {unknown}
 x - 2 scrolls of vulnerability {unknown}
 C - a scroll of silence {unknown}
 D - a scroll of fear {unknown}
Potions
 d - a potion of attraction
 f - 4 potions of cancellation
 g - a potion of magic {unknown}
 i - 6 potions of curing
 j - a potion of lignification
 o - 2 potions of flight
 t - 2 potions of brilliance
Miscellaneous
 e - a piece from Xom's chessboard (15/15)


   Skills:
 + Level 5.4 Fighting
 + Level 6.0 Short Blades
 + Level 5.0 Polearms
 + Level 1.1 Throwing
 - Level 2.0 Armour
 + Level 4.6 Dodging
 - Level 1.0 Stealth
 * Level 4.7 Spellcasting
 + Level 3.0 Poison Magic
 + Level 5.7 Evocations


You had 16 spell levels left.
You knew the following spells:

 Your Spells              Type           Power      Damage    Failure   Level
a - Poisonous Vapours     Pois/Air       28%        N/A       8%          2

Your spell library contained the following spells:

 Spells                   Type           Power      Damage    Failure   Level
 Sting                    Tmut/Pois      56%        1d5       4%          1
 Animate Skeleton         Necr           12%        N/A       10%         1
 Pain                     Necr           24%        1d5       10%         1
 Olgreb's Toxic Radiance  Pois           21%        N/A       26%         4
 Summon Guardian Golem    Hex/Summ       6%         N/A       28%         3
 Vampiric Draining        Necr           3%         2d6       28%         3
 Orb of Destruction       Conj           3%         9d1       100%        7
 Spellforged Servitor     Conj/Summ      3%         N/A       100%        7


Dungeon Overview and Level Annotations

Branches:
Dungeon (9/15)             Temple (1/1) D:7
   Lair: D:8-11         Orc: D:9-12

Altars:
Elyvilon
Gozag
Hepliaklqana
Kikubaaqudgha
Nemelex Xobeh
Okawaru
Qazlal
Sif Muna
Vehumet
Yredelemnul
Zin
The Shining One

Shops:
D:2 =(((!   D:4 !   D:5 (   D:7 (?

Annotations:
D:2 exclusion: downstairs
D:7 2 transporters


Message History

The orc priest mumbles some strange prayers to Beogh against you.
Beogh smites you!
You slash the orc priest! You freeze the orc priest.
You kill the orc priest!
Your Polearms skill increases to level 5!
You now have 115 gold pieces (gained 6).
You see here a +0 club.
A centaur warrior comes into view.
The centaur warrior shouts!
The centaur warrior wields a +0 shortbow.
The centaur warrior shoots an arrow.
The arrow hits you!
A centaur warrior is nearby!
Aiming: Mindburst
Press: ? - help, Shift-Dir - straight line, f - centaur warrior
Aim: a centaur warrior, wielding a +0 shortbow and quivering arrows (chance to affect: 71%)
The centaur warrior's mind is blasted!!
The centaur warrior shoots an arrow.
The arrow closely misses you.
Aiming: Mindburst
Press: ? - help, Shift-Dir - straight line, f/p - centaur warrior
Aim: a centaur warrior, wielding a +0 shortbow and quivering arrows (heavily wounded, chance to affect: 71%)
The centaur warrior struggles to resist.
The centaur warrior shoots an arrow.
The arrow closely misses you.
Unknown command.
Aiming: Mindburst
Press: ? - help, Shift-Dir - straight line, f/p - centaur warrior
Aim: a centaur warrior, wielding a +0 shortbow and quivering arrows (heavily wounded, chance to affect: 71%)
The centaur warrior struggles to resist.
The centaur warrior shoots an arrow.
The arrow barely misses you.
Unknown command.
Aiming: Mindburst
Press: ? - help, Shift-Dir - straight line, f/p - centaur warrior
Aim: a centaur warrior, wielding a +0 shortbow and quivering arrows (heavily wounded, chance to affect: 71%)
The centaur warrior struggles to resist.
The centaur warrior shoots an arrow.
The arrow hits you!
The centaur warrior shoots an arrow.
The arrow hits you!!
The centaur warrior shoots an arrow.
The arrow hits you!
* * * LOW HITPOINT WARNING * * *
The centaur warrior shoots an arrow.
The arrow hits you!!
You die...
Your body crumbles into a pile of gold.

#.........#
#.........#
#.........#
#........># ...
#.........########...
#....................
#....................
#.c.@................
#.####...............
#...............
#...............
#...........####
#...........'..#
#...........##.#
####.#.......#.#
#)#.#####.#.#


You could see a centaur warrior.

Vanquished Creatures
  Maurice (D:8)
  2 wyverns
  2 acid dragons
  An orc warrior (D:9)
  A hornet zombie (D:8)
  An ice beast (D:7)
  2 sky beasts
  A necrophage (D:4)
  2 ogres (D:6)
  3 centaurs
  A phantom (D:3)
  2 bullfrogs
  A scorpion (D:4)
  A water moccasin zombie (D:7)
  3 wights (D:9)
  5 howler monkeys (D:8)
  A bullfrog zombie (D:5)
  3 hounds
  A jelly (D:6)
  A bullfrog skeleton (D:7)
  4 orc priests
  2 iguanas
  6 orc wizards
  A howler monkey zombie (D:5)
  A howler monkey skeleton (D:7)
  3 gnolls (D:6)
  3 adders
  2 white imps
  2 ufetubi (D:6)
  2 worms
  4 dart slugs
  29 orcs
  6 bats
  8 endoplasms
  3 giant cockroaches
  5 goblins
  3 hobgoblins
  4 jackals (D:1)
  2 kobolds
  6 quokkas
  6 ball pythons
  5 frilled lizards
  A quokka skeleton (D:4)
  8 rats
151 creatures vanquished.

Vanquished Creatures (collateral kills)
  An orc priest (D:3)
  An orc wizard (D:4)
  3 orcs (D:3)
5 creatures vanquished.

Vanquished Creatures (others)
  An ogre (D:4)
  An orc (D:3)
  An endoplasm (D:1)
3 creatures vanquished.

Grand Total: 159 creatures vanquished

Notes
Turn   | Place    | Note
-------+----------+-------------------------------------------
     0 | D:1      | H0rd4k the Human Artificer began the quest for the Orb.
     0 | D:1      | Reached XP level 1. HP: 15/15 MP: 1/1
   226 | D:1      | Found a faded altar of an unknown god.
   342 | D:1      | Reached XP level 2. HP: 6/21 MP: 2/2
  1228 | D:1      | Reached XP level 3. HP: 22/26 MP: 3/3
  2036 | D:2      | Found Janainudgh's Jewellery Shop.
  2283 | D:2      | Found Uhishru's Antique Weapon Emporium.
  2308 | D:2      | Reached XP level 4. HP: 27/32 MP: 4/4
  2392 | D:2      | Found Kosereg's Distillery.
  2904 | D:2      | Found an ancient bone altar of Kikubaaqudgha.
  3177 | D:2      | Found Qigiv's Antique Weapon Shoppe.
  3282 | D:2      | Found Coimutug's Weapon Shoppe.
  3293 | D:2      | Reached skill level 1 in Short Blades
  3936 | D:3      | Reached XP level 5. HP: 25/38 MP: 5/5
  4626 | D:3      | Found a hazy altar of Hepliaklqana.
  5551 | D:4      | Reached skill level 2 in Short Blades
  5831 | D:4      | Noticed a necrophage
  6025 | D:4      | Reached XP level 6. HP: 44/44 MP: 6/6
  6280 | D:4      | Found Anucwimu's Distillery.
  6293 | D:4      | Noticed an ogre
  6447 | D:4      | Killed a necrophage
  6508 | D:4      | Reached skill level 3 in Short Blades
  6508 | D:4      | Reached skill level 1 in Throwing
  6508 | D:4      | Reached skill level 1 in Spellcasting
  6508 | D:4      | Reached XP level 7. HP: 51/51 MP: 8/8
  6757 | D:5      | Entered Level 5 of the Dungeon
  6882 | D:5      | Found Legov's Antique Weapon Shop.
  6882 | D:5      | Noticed a wyvern
  7392 | D:5      | Killed a wyvern
  7393 | D:5      | Reached skill level 4 in Short Blades
  7393 | D:5      | Reached skill level 5 in Evocations
  7592 | D:5      | Reached XP level 8. HP: 47/58 MP: 11/11
  9207 | D:3      | Reached skill level 5 in Short Blades
  9334 | D:3      | Found a stormy altar of Qazlal.
  9602 | D:3      | Found an iron altar of Okawaru.
  9668 | D:7      | Found a staircase to the Ecumenical Temple.
  9682 | Temple   | Entered the Ecumenical Temple
  9712 | Temple   | Became a worshipper of Gozag Ym Sagoz the Greedy
  9743 | D:7      | Noticed a wyvern
  9769 | D:7      | Learned a level 2 spell: Poisonous Vapours
  9772 | D:7      | Found a transporter.
  9779 | D:7      | Found Pusa Omo's Magic Scroll Shoppe.
  9817 | D:7      | Identified the +4 trident "Noesewk" {drain, Str+6 Dex+3}
  9885 | D:7      | Killed a wyvern
  9886 | D:7      | Reached skill level 1 in Poison Magic
  9886 | D:7      | Reached XP level 9. HP: 24/66 MP: 14/14
 10368 | D:7      | Found Dakinouz's Weapon Emporium.
 10412 | D:7      | Found a transporter.
 10436 | D:7      | Reached skill level 6 in Short Blades
 10582 | D:8      | Identified the +8 glaive of Qiedeaxt {freeze, Will++ Str+4
                  | Int+4}
 10619 | D:8      | Reached skill level 1 in Polearms
 10622 | D:8      | Found a glowing golden altar of the Shining One.
 10845 | D:8      | Reached skill level 5 in Fighting
 11187 | D:8      | Noticed Maurice
 11804 | D:8      | Killed Maurice
 11805 | D:8      | Reached XP level 10. HP: 74/74 MP: 16/16
 12022 | D:2      | Bought the amulet "Emui" {RegenMP Int+9} for 559 gold
                  | pieces
 13045 | D:9      | Reached skill level 5 in Polearms
 13143 | D:9      | Noticed a centaur warrior
 13149 | D:9      | Shot with an arrow by a centaur warrior

Illustrated notes

Levels and vault maps discovered:
D:1:      giann_bridges, layout_loops_ring, basic_ecumenical_altar,
          moated_statue
D:2:      layout_rooms, serial_shops, shop, shop, nicolae_shop_trees,
          nicolae_lakefront_shop, nicolae_shop_behind_doors, basic_altar,
          minmay_domino_2
D:3:      cheibrodos_pilgrimage, layout_loops_ring,
          nicolae_qazlal_scattered_showers, lemuel_tele_altar,
          nicolae_overflow_hidden_temple
D:4:      layout_loops_ring, serial_glass, glass_columns_a, glass_columns_a,
          serial_shops, nicolae_shop_stone, minmay_curled_crystal
D:5:      layout_cave_pools, kennysheep_crisscross, kennysheep_nub,
          nicolae_wooded_promenade
D:6:      layout_loops_ring
D:7:      gammafunk_cloud_chamber, layout_rooms, minmay_temple_entry_junction,
          serial_shops, nicolae_shop_stone, nicolae_square_shop
D:8:      layout_basic, mainiacjoe_overflow_24_doors, nicolae_two_hexagons,
          minmay_misc_feat_room, uniq_maurice
D:9:      layout_basic, mainiacjoe_overflow_catwalk, nicolae_uskayaw_en_pointe,
          hiddenorc2_lemuel
Temple:   eino_temple_scatter_basement

Skill      XL: |  1  2  3  4  5  6  7  8  9 10 |
---------------+-------------------------------+-----
Evocations     | 4 5 |  5.7
Short Blades   | 1 2 3 4 5 6 |  6.0
Dodging        | 2 3 4 |  4.6
Fighting       | 2 3 4 5 |  5.4
Throwing       | 1 |  1.1
Spellcasting   | 1 2 3 4 |  4.7
Poison Magic   | 1 3 |  3.0
Polearms       | 4 5 |  5.0
Armour         | |  2.0
Stealth        | |  1.0

Action                   |  1- 3 |  4- 6 |  7- 9 | 10-12 || total
-------------------------+-------+-------+-------+-------++-------
Melee: Club              |    68 |       |       |       ||    68
       Dagger            |    86 |   224 |   144 |       ||   454
       Trident           |       |       |    41 |       ||    41
       Glaive            |       |       |    45 |    25 ||    70
Throw: Dart              |       |     9 |       |       ||     9
 Cast: Poisonous Vapours |       |       |       |     3 ||     3
Evoke: Wand              |     4 |    20 |    12 |     6 ||    42
       Piece from Xom's  |       |     1 |     2 |       ||     3
  Use: Scroll            |       |       |     5 |     2 ||     7
       Potion            |       |       |     2 |       ||     2
 Stab: Sleeping          |     4 |     6 |     2 |       ||    12
       Distracted        |       |     1 |       |       ||     1
       Confused          |       |       |     1 |       ||     1
Armor: Leather armour    |    55 |    48 |    33 |       ||   136
Dodge: Dodged            |   101 |   105 |   127 |    18 ||   351
